 Dungeon Crawl Stone Soup version 0.29-a0-925-g0a7a3d12f8 (webtiles) character file.

Game seed: 10773849477351868900

1316 GrandHerb the Shield-Bearer (level 8, -1/70 HPs)
             Began as a Minotaur Fighter on July 29, 2022.
             Slain by a gnoll
             ... wielding a +0 spear
             ... led by a gnoll sergeant
              (5 damage)
             ... on level 5 of the Dungeon.
             The game lasted 00:25:02 (4711 turns).

GrandHerb the Shield-Bearer (Minotaur Fighter)      Turns: 4711, Time: 00:25:04

Health: -1/70      AC: 11    Str: 23    XL:     8   Next: 33%
Magic:  9/9        EV: 11    Int:  5    God:
Gold:   248        SH:  5    Dex: 10    Spells: 7/7 levels left

rFire   . . .      SeeInvis .   p - +0 whip
rCold   + . .      Faith    .   c - +0 buckler
rNeg    . . .      Spirit   .   l - +4 ring mail {rC+}
rPois   .          Reflect  .   (helmet restricted)
rElec   .          Harm     .   w - +0 cloak
rCorr   .          Rampage  .   (no gloves)
Will    .....                   (no boots)
Stlth   ..........              (no amulet)
HPRegen 0.21/turn               q - +4 ring of slaying
MPRegen 0.11/turn               (no ring)

@: no status effects
A: horns 2, retaliatory headbutt
a: no special abilities


You were on level 5 of the Dungeon.
You visited 1 branch of the dungeon, and saw 6 of its levels.

You collected 248 gold pieces.

Inventory:

Hand Weapons
 a - a +0 flail
 p - a +0 whip (weapon)
Armour
 c - a +0 buckler (worn)
 l - a +4 ring mail of cold resistance (worn)
 w - a +0 cloak (worn)
Jewellery
 m - an amulet of faith
 q - a +4 ring of slaying (left hand)
Wands
 y - a wand of flame (19)
Scrolls
 b - 3 scrolls of identify {unknown}
 h - 2 scrolls of noise {unknown}
 j - a scroll of magic mapping {unknown}
 k - a scroll of blinking {unknown}
 o - 4 scrolls of teleportation
 r - a scroll of enchant weapon {unknown}
 t - 2 scrolls of enchant armour {unknown}
 v - a scroll of summoning {unknown}
 A - a scroll of butterflies {unknown}
Potions
 d - a potion of might
 e - 3 potions of brilliance
 f - 3 potions of curing
 g - a potion of resistance {unknown}
 i - 3 potions of degeneration {unknown}
 n - a potion of magic {unknown}
 s - a potion of invisibility {unknown}
 u - 2 potions of lignification {unknown}
 x - a potion of haste {unknown}
 z - a potion of cancellation {unknown}


   Skills:
 + Level 5.7 Fighting
 + Level 5.0 Maces & Flails
 + Level 5.8 Armour
 + Level 4.0 Dodging
 + Level 5.9 Shields
 + Level 3.6 Invocations
 + Level 3.2 Evocations


You had 7 spell levels left.
You didn't know any spells.
Your spell library contained the following spells:

 Spells                   Type           Power      Damage    Failure   Level
 Apportation              Tloc           0%         N/A       71%         1
 Necrotise                Necr           0%         1d4       71%         1
 Summon Small Mammal      Summ           0%         N/A       71%         1
 Inner Flame              Hex/Fire       0%         N/A       97%         3
 Portal Projectile        Hex/Tloc       0%         N/A       97%         3
 Tukima's Dance           Hex            0%         N/A       97%         3
 Cause Fear               Hex            0%         N/A       100%        4
 Blade Hands              Tmut           0%         N/A       100%        5
 Discord                  Hex            0%         N/A       100%        8


Dungeon Overview and Level Annotations

Branches:
Dungeon (6/15)
 Temple: D:4-7

Altars:
Dithmenos

Shops:
D:2 :   D:3 (   D:4 =


Innate Abilities, Weirdness & Mutations

You have a pair of horns on your head.
You reflexively headbutt those who attack you in melee.


Message History

* * * LOW HITPOINT WARNING * * *
You feel very sick.
The gnoll sergeant hits you but does no damage.
You are more poisoned.
You see here a +0 spear.
* * * LOW HITPOINT WARNING * * *
You feel very sick.
* * * LOW HITPOINT WARNING * * *
You feel very sick.
It was a potion of brilliance.
You feel clever all of a sudden.
* * * LOW HITPOINT WARNING * * *
You feel very sick.
The gnoll sergeant hits you from afar with a +2 spear of venom.
* * * LOW HITPOINT WARNING * * *
You are more poisoned.
It was a potion of curing.
You feel better. The gnoll sergeant barely misses you.
There is a stone staircase leading down here.
The gnoll sergeant hits you from afar with a +2 spear of venom.
* * * LOW HITPOINT WARNING * * *
You climb downwards.
There is a stone staircase leading up here.
You start resting.
A gnoll bouda comes into view. It is wielding a +0 club.
A gnoll sergeant and 3 gnolls come into view.
The gnoll sergeant shouts!
The gnoll shouts! x2; You hear a shout! x3
A gnoll comes into view. It is wielding a +0 club.
The gnoll shouts!
The gnoll bouda barks out a call to the hunt!
The gnoll picks up the pace!
There is a stone staircase leading up here.
The gnoll barely misses you.
You climb upwards.
You feel a little less clever now. You block the gnoll's attack.
The gnoll sergeant hits you with a +2 spear of venom!
* * * LOW HITPOINT WARNING * * *
The gnoll hits you from afar with a +0 spear.
You die...

###################
#.................############
#.#############....g.....##..
#.#...#########.######.#.##<#
#.#.............# #.#.##)#
##.#...#########.# #.#.##g#
...##.## #g# #.#g##.#
#####.##########.# ##.#.##.#
#.#........g@# #....##.# #
#.#.########## ##.......#
.####.#.#### #.(...######
...........# #............
#####.#....# #.....#######
#.###..# ##....# #.# #..###
####.# ####.# #....# #.#
#....# #.##.# #.#


You could see a gnoll sergeant and a gnoll.

Vanquished Creatures
  Menkaure (D:5)
  Edmund (D:4)
  Duvessa (D:5)
  An ice beast (D:5)
  Blork the orc (D:5)
  A necrophage (D:4)
  4 scorpions (D:5)
  Dowan (D:5)
  A hound (D:4)
  2 jellies
  2 orc priests
  2 iguanas (D:5)
  4 orc wizards
  2 gnolls (D:5)
  4 adders
  2 ufetubi
  3 worms
  3 dart slugs
  14 orcs
  3 endoplasms
  3 giant cockroaches
  8 goblins
  6 hobgoblins
  4 jackals (D:1)
  2 quokkas (D:1)
  8 ball pythons
  5 bats
  7 kobolds
  6 rats
102 creatures vanquished.

Notes
Turn   | Place    | Note
-------+----------+-------------------------------------------
     0 | D:1      | GrandHerb the Minotaur Fighter began the quest for the Orb.
     0 | D:1      | Reached XP level 1. HP: 19/19 MP: 0/0
   386 | D:1      | Reached XP level 2. HP: 23/27 MP: 1/1
   888 | D:2      | Found Roivius's Book Shoppe.
  1009 | D:2      | Reached XP level 3. HP: 33/33 MP: 2/2
  1147 | D:2      | Reached skill level 1 in Invocations
  1292 | D:2      | Found a faded altar of an unknown god.
  1412 | D:2      | Reached skill level 1 in Dodging
  1528 | D:3      | Reached skill level 1 in Evocations
  1537 | D:3      | Reached XP level 4. HP: 26/40 MP: 2/4
  1643 | D:3      | Found Hinlafug's Weapon Shop.
  2048 | D:3      | Reached XP level 5. HP: 46/46 MP: 5/5
  2519 | D:4      | Found Ecwi Ged's Jewellery Shoppe.
  3120 | D:4      | Noticed Edmund
  3134 | D:4      | Killed Edmund
  3135 | D:4      | Reached XP level 6. HP: 38/53 MP: 6/6
  3332 | D:4      | Found a shadowy altar of Dithmenos.
  3498 | D:5      | Entered Level 5 of the Dungeon
  3582 | D:5      | Reached skill level 5 in Shields
  3582 | D:5      | Reached XP level 7. HP: 60/60 MP: 6/8
  3716 | D:5      | Noticed Menkaure
  3899 | D:5      | Killed Menkaure
  3900 | D:5      | Reached skill level 5 in Fighting
  3900 | D:5      | Reached skill level 5 in Armour
  4110 | D:5      | Noticed Blork the orc
  4115 | D:5      | Killed Blork the orc
  4148 | D:5      | Noticed Dowan
  4148 | D:5      | Noticed Duvessa
  4168 | D:5      | Killed Duvessa
  4169 | D:5      | Reached XP level 8. HP: 35/69 MP: 9/9
  4420 | D:5      | Killed Dowan
  4556 | D:5      | Reached skill level 5 in Maces & Flails
  4711 | D:5      | Slain by a gnoll

Illustrated notes

Levels and vault maps discovered:
D:1:      dpeg_arrival_brainrot, layout_basic
D:2:      layout_basic, serial_shops, shop, dreamdust_ecumenical_altar_grove
D:3:      layout_basic, serial_shops, nicolae_shop_bloodbath_and_beyond,
          minmay_misc_feat_iff, kennysheep_nub, grunt_ministairs_10,
          nrook_mini_vaults, st_stairs_4
D:4:      layout_layer_cave, mainiacjoe_overflow_small_starburst, serial_shops,
          shop, uniq_edmund
D:5:      minmay_opposing_rooms, layout_loops_ring, uniq_blork_the_orc,
          uniq_duvessa, uniq_menkaure
D:6:      layout_loops_ring, tso_altar, minmay_temple_entry_butterflies

Skill      XL: |  1  2  3  4  5  6  7  8 |
---------------+-------------------------+-----
Invocations    | 1 2 3 |  3.6
Shields        | 4 5 |  5.9
Dodging        | 1 2 3 4 |  4.0
Armour         | 4 5 |  5.8
Evocations     | 1 2 3 |  3.2
Fighting       | 4 5 |  5.7
Maces & Flails | 3 4 5 |  5.0

Action                   |  1- 3 |  4- 6 |  7- 9 || total
-------------------------+-------+-------+-------++-------
Melee: Flail             |    94 |       |       ||    94
       Headbutt          |    10 |    28 |    19 ||    57
       Whip              |       |   125 |    78 ||   203
  Use: Potion            |       |     2 |     2 ||     4
       Scroll            |       |       |     1 ||     1
Armor: Scale mail        |    39 |    29 |       ||    68
       Ring mail         |       |     8 |    22 ||    30
Dodge: Dodged            |    49 |    32 |    34 ||   115
Block: Buckler           |    10 |    27 |     8 ||    45

Table legend: (Time is in decaauts)
 A = Elapsed time spent in this place.
 B = Non-inter-level travel time spent in this place.
 C = Inter-level travel time spent in this place.
 D = Time resting spent in this place.
 E = Time spent auto-exploring this place.
 F = Levels seen in this place.
 G = Mean time per level.
                   A        B        C        D        E       F      G
               +--------+--------+--------+--------+--------+-----+--------+
         Total |   4741 |   4524 |    217 |    912 |    153 |   6 |  790.2 |
       Dungeon |   4741 |   4524 |    217 |    912 |    153 |   6 |  790.2 |
               +--------+--------+--------+--------+--------+-----+--------+

Top non-repeatable levels by time:
     D:4: 1208 daAuts
     D:1: 899 daAuts
     D:5: 807 daAuts
     D:3: 795 daAuts
     D:2: 631 daAuts
     D:6: 398 daAuts
